 Dungeon Crawl Stone Soup version 0.19-a0-36-g4a0968a (webtiles) character file.

2566 M4edhros the Martial Artist (level 9, -29/51 HPs)
             Began as an Octopode Necromancer on May 3, 2016.
             Was a Priest of Cheibriados.
             Annihilated by a hill giant
             ... wielding a +0 giant spiked club
              (33 damage)
             ... on level 10 of the Dungeon.
             The game lasted 00:28:08 (3237 turns).

M4edhros the Martial Artist (Octopode Necromancer)  Turns: 3237, Time: 00:28:09

Health: -29/51     AC:  8    Str: 18    XL:     9   Next: 57%
Magic:  4/12       EV: 16    Int: 24    God:    Cheibriados [***...]
Gold:   306        SH:  0    Dex: 22    Spells: 3 memorised, 7 levels left

rFire  + . .     SeeInvis .       - Unarmed
rCold  . . .     Gourm    .     (no shield)
rNeg   . . .     Faith    +     (helmet restricted)
rPois  +         Spirit   .     u - amulet of faith
rElec  .         Dismiss  .     h - ring of protection from fire
rCorr  .         Reflect  .     y - ring of sustain attributes
SustAt +         Harm     .     D - ring of wizardry
MR     .....                    (no ring)
Stlth  ++++......               (no ring)
                                (no ring)
                                (no ring)
                                (no ring)

@: mighty, regenerating, very slow, not resistant to hostile enchantments,
stealthy
A: almost no armour, amphibious, 8 rings, constrict 8, molten scales 1, rough
black scales 1, slimy green scales 1, camouflage 1, agile 1, frail 1, poison
resistance, screaming 1, gelatinous body 1
a: Bend Time, Temporal Distortion, Renounce Religion


You were on level 10 of the Dungeon.
You worshipped Cheibriados.
Cheibriados was most pleased with you.
You were not hungry.

You visited 1 branch of the dungeon, and saw 10 of its levels.

You collected 306 gold pieces.

Inventory:

Hand Weapons
 c - a +0 flail of protection
 A - a +0 blowgun
Missiles
 e - 3 curare-tipped needles
 f - 7 tomahawks (quivered)
 B - 30 poisoned needles
Armour
 w - a +0 shield
Jewellery
 h - a ring of protection from fire (left tentacle)
 k - an uncursed amulet of magic regeneration
 t - an uncursed ring of ice
 u - an amulet of faith (around mantle)
 y - a ring of sustain attributes (right tentacle)
 D - a ring of wizardry (on tentacle)
Wands
 n - a wand of iceblast (0/15)
 r - a wand of random effects (11/48)
 s - a wand of flame (36/48)
 C - a wand of digging (13/24)
Scrolls
 i - a scroll of random uselessness {unknown}
 j - a scroll of noise {unknown}
 l - 5 scrolls of enchant weapon
 m - 2 scrolls of magic mapping
 o - 2 scrolls of remove curse {unknown}
 q - 3 scrolls of vulnerability
Potions
 g - a potion of invisibility {unknown}
 p - a potion of curing
 v - a potion of magic
 E - a potion of haste {unknown}
Books
 a - a book of Necromancy

   Spells                             Type                      Level
   a - Pain                           Necromancy                   1
   b - Animate Skeleton               Necromancy                   1
   c - Vampiric Draining              Necromancy                   3
   d - Regeneration                   Charms/Necromancy            3
   e - Animate Dead                   Necromancy                   4
   f - Control Undead                 Necromancy                   4
Comestibles
 b - 2 bread rations
 d - 2 slices of pizza


   Skills:
 + Level 3.5 Fighting
 + Level 4.3 Dodging
 - Level 2.6 Stealth
 * Level 5.2 Shields
 + Level 10.0 Unarmed Combat
 - Level 2.0 Spellcasting
 - Level 4.0 Necromancy


You had 7 spell levels left.
You knew the following spells:

 Your Spells              Type           Power        Failure   Level  Hunger
a - Pain                  Necr           ###.         1%          1    #......
b - Animate Skeleton      Necr           N/A          1%          1    #......
r - Regeneration          Chrm/Necr      ##........   7%          3    ###....


Dungeon Overview and Level Annotations

Branches:
Dungeon (10/15)              Lair (0/8) D:9
 Temple: D:4-7          Orc: D:9-12

Altars:
Cheibriados
Elyvilon
Nemelex Xobeh
Sif Muna
Xom

Annotations:
D:2 Ijyb


Innate Abilities, Weirdness & Mutations

You cannot wear most types of armour.
You are amphibious.
You can wear up to eight rings at the same time.
You can use your tentacles to constrict eight enemies at once.
Your skin changes colour to match your surroundings (Stealth).
Your rubbery body absorbs attacks (AC +1).
You are partially covered in molten scales (AC +1).
You are partially covered in rough black scales (AC +4, Dex -1).
You are partially covered in slimy green scales (AC +2).
You are agile. (Dex +2)
You are frail (-10% HP).
Your system is resistant to poisons.
You occasionally shout uncontrollably at your foes.


Message History

Drink which item? (? for menu, Esc to quit)
You feel better.
The kobold shoots a poisoned needle.
The poisoned needle barely misses you.
You bludgeon the hill giant!
The hill giant is moderately wounded.
The hill giant hits you with a giant spiked club!!
Ouch! That really hurt!
* * * LOW HITPOINT WARNING * * *
Okay, then.
Evoke which item? (* to show all) (? for menu, Esc to quit)
Okay, then.
Okay, then.
You bludgeon the hill giant! You squeeze the hill giant!
The hill giant is severely wounded.
The kobold shoots a poisoned needle.
The poisoned needle closely misses you.
You tentacle-slap the hill giant. You squeeze the hill giant!
The hill giant is almost dead.
The hill giant hits you with a giant spiked club!!
Ouch! That really hurt!
You die...

......<...................
......sC.≈≈≈≈≈.............#
.........≈≈≈≈≈..............##
........)[≈≈≈≈...(...........##
........))≈≈≈≈................##
.........≈≈≈≈≈.(...............##
....(...........................#
...............C.................
................@†...............
................(....≈≈≈≈≈......
..#.............(...≈≈≈≈≈......
.............(.≈≈≈≈≈......
.........K....≈≈≈≈≈......
.......#.....≈≈≈≈≈......
......###............... ≈≈....
#...........†)...
≈≈..................)..


You could see a hill giant and a kobold.

Vanquished Creatures
  A troll (D:10)
  A two-headed ogre (D:10)
  A hell hound (D:9)
  4 ice beasts
  2 sky beasts
  A centaur (D:7)
  2 big kobolds (D:10)
  A giant frog (D:8)
  A wyvern zombie (D:9)
  2 scorpions
  9 killer bees (D:9)
  A howler monkey (D:5)
  2 crimson imps
  A giant frog zombie (D:6)
  A centaur skeleton (D:6)
  A gnoll shaman (D:7)
  2 hounds
  An orc wizard (D:10)
  2 iguanas (D:5)
  3 worker ants
  A hound zombie (D:8)
  A hound skeleton (D:7)
  10 gnolls
  4 adders
  An adder zombie (D:5)
  An adder skeleton (D:7)
  3 worms
  4 giant geckos
  8 orcs
  A ball python (D:3)
  5 bats
  A giant cockroach (D:1)
  5 goblins
  4 hobgoblins
  A jackal (D:3)
  14 kobolds
  3 quokkas
  A giant gecko skeleton (D:5)
  5 giant newts
  A quokka zombie (D:8)
  4 rats
117 creatures vanquished.

Vanquished Creatures (collateral kills)
  A giant frog (D:10)
  A killer bee zombie (D:8)
  An ooze (D:1)
  A giant cockroach (D:7)
  A goblin (D:2)
  A hobgoblin (D:2)
  A jackal (D:3)
  A jackal skeleton (D:7)
8 creatures vanquished.

Grand Total: 125 creatures vanquished

Notes
Turn   | Place    | Note
--------------------------------------------------------------
     0 | D:1      | M4edhros the Octopode Necromancer began the quest for the Orb.
     0 | D:1      | Reached XP level 1. HP: 11/11 MP: 3/3
    15 | D:1      | Reached skill level 1 in Unarmed Combat
    20 | D:1      | Learned a level 1 spell: Animate Skeleton
    48 | D:1      | Reached XP level 2. HP: 13/17 MP: 3/5
   136 | D:1      | Reached skill level 2 in Unarmed Combat
   402 | D:2      | Reached XP level 3. HP: 11/21 MP: 1/6
   407 | D:2      | Learned a level 3 spell: Regeneration
   473 | D:2      | Found a sparkling altar of Nemelex Xobeh.
   516 | D:2      | Reached skill level 3 in Unarmed Combat
   559 | D:2      | Found a faded altar to an unknown god.
   614 | D:2      | Reached XP level 4. HP: 26/27 MP: 4/7
   645 | D:2      | Noticed Ijyb
   767 | D:3      | Reached skill level 4 in Unarmed Combat
   850 | D:4      | Found a shimmering altar of Xom.
   877 | D:4      | Noticed Ifuhalic
  1033 | D:4      | Reached XP level 5. HP: 29/31 MP: 5/8
  1333 | D:4      | Reached skill level 5 in Unarmed Combat
  1365 | D:4      | Found a white marble altar of Elyvilon.
  1397 | D:5      | Entered Level 5 of the Dungeon
  1408 | D:5      | Reached XP level 6. HP: 32/36 MP: 6/9
  1424 | D:5      | Reached skill level 6 in Unarmed Combat
  1500 | D:5      | Found a snail-covered altar of Cheibriados.
  1508 | D:5      | Became a worshipper of Cheibriados the Contemplative
  1736 | D:6      | Noticed a sky beast
  1755 | D:6      | Killed a sky beast
  1755 | D:6      | Reached skill level 7 in Unarmed Combat
  1755 | D:6      | Reached XP level 7. HP: 19/41 MP: 10/10
  1759 | D:6      | Gained mutation: You are frail (-10% HP). [mutagenic meat]
  1760 | D:6      | Gained mutation: You are partially covered in molten scales (AC +1). [mutagenic meat]
  1761 | D:6      | Gained mutation: You are partially covered in rough black scales (AC +4, Dex -1). [mutagenic meat]
  1763 | D:6      | Gained mutation: You occasionally shout uncontrollably at your foes. [mutagenic meat]
  1764 | D:6      | Gained mutation: You are partially covered in slimy green scales (AC +2). [mutagenic meat]
  1824 | D:6      | Found a deep blue altar of Sif Muna.
  1946 | D:6      | HP: 1/36 [gnoll/flail (3)]
  2039 | D:7      | Reached skill level 8 in Unarmed Combat
  2116 | D:7      | Reached XP level 8. HP: 41/41 MP: 9/11
  2141 | D:7      | Reached * piety under Cheibriados
  2141 | D:7      | Reached skill level 9 in Unarmed Combat
  2529 | D:10     | Entered Level 10 of the Dungeon
  2556 | D:9      | Reached skill level 1 in Shields
  2562 | D:9      | Reached skill level 1 in Fighting
  2660 | D:9      | Gained mutation: You are agile. (Dex +2) [helix card]
  2661 | D:9      | Drew Focus: Int increased to 18, Str decreased to 7
  2662 | D:9      | Gained mutation: Your system is resistant to poisons. [helix card]
  2770 | D:9      | Found a staircase to the Lair.
  2886 | D:10     | Reached ** piety under Cheibriados
  2962 | D:10     | Noticed a hill giant
  2963 | D:10     | Noticed a two-headed ogre
  2965 | D:10     | Reached XP level 9. HP: 46/49 MP: 3/12
  2976 | D:10     | Killed a two-headed ogre
  3201 | D:10     | Noticed a troll
  3211 | D:10     | Reached *** piety under Cheibriados
  3232 | D:10     | Killed a troll
  3232 | D:10     | Reached skill level 5 in Shields
  3232 | D:10     | Reached skill level 10 in Unarmed Combat
  3235 | D:10     | HP: 2/51 [hill giant/giant spiked club (35)]
  3237 | D:10     | Annihilated by a hill giant

Vault maps used:
D:1:      ncdulo_lavacross, serial_forest, infiniplex_forest_side_room,
          infiniplex_forest_lined_4_way, infiniplex_forest_clump_double,
          infiniplex_forest_straight_3, infiniplex_forest_straight_1,
          infiniplex_forest_lined_3_way, infiniplex_forest_lined_3
D:2:      kennysheep_the_goblin_king, nemelex_deck, old_standard_altar,
          first_bread, ecumenical_altar_1, uniq_natasha, uniq_sigmund
D:3:      uniq_iyjb
D:4:      lemuel_round_altar, lemuel_round_altar
D:5:      lemuel_crystal_altar, minmay_temple_entry_purple_smoke,
          minmay_liquid_box
D:6:      overflow_temple_1_default, nicolae_overflow_hidden_temple,
          bloody_makhleb
D:7:      minivault_23
D:8:      grunt_ogre_cave, uniq_erica
D:9:      minmay_lair_entry_lava
D:10:     kennysheep_kite_vault, uniq_maud

Skill      XL: |  1  2  3  4  5  6  7  8  9 |
---------------+----------------------------+-----
Unarmed Combat | 1 2 3 4 5 7 8 9 10 | 10.0
Shields        | 3 5 |  5.2
Fighting       | 2 3 |  3.5
Dodging        | 3 4 |  4.3
Stealth        | |  2.6
Spellcasting   | |  2.0
Necromancy     | |  4.0

Action                   |  1- 3 |  4- 6 |  7- 9 || total
-------------------------+-------+-------+-------++-------
Melee: Unarmed           |    42 |   108 |   185 ||   335
       Tentacles         |     8 |    17 |    39 ||    64
       Constrict         |     9 |    23 |    34 ||    66
       Punch             |     1 |     2 |    17 ||    20
 Cast: Pain              |    25 |    20 |       ||    45
       Animate Skeleton  |     9 |    15 |    11 ||    35
       Regeneration      |     5 |    28 |    34 ||    67
Evoke: Deck              |       |     3 |     3 ||     6
       Wand              |       |       |     5 ||     5
  Use: Scroll            |       |     5 |     4 ||     9
       Potion            |       |     2 |     5 ||     7
 Stab: Sleeping          |     2 |     4 |     2 ||     8
  Eat: Chunk             |     1 |     8 |     8 ||    17
       Meat ration       |       |       |     1 ||     1
       Fruit             |       |       |     4 ||     4
Armor: Skin              |     3 |     7 |    77 ||    87
Dodge: Dodged            |    18 |    48 |   132 ||   198
